 Dungeon Crawl Stone Soup version 0.31-a0-1589-g8f5e8aebd6 (webtiles) character file.

Game seed: 6389232664306461455

99 jestert79 the Chopper (level 4, 37/37 HPs)
             Began as a Hill Orc Reaver on Jan 5, 2024.
             Quit the game on level 2 of the Dungeon.
             The game lasted 00:04:23 (2007 turns).

jestert79 the Chopper (Hill Orc Reaver)             Turns: 2007, Time: 00:04:23

Health: 37/37      AC:  4    Str: 16    XL:     4   Next: 72%
Magic:  6/6        EV: 11    Int: 13    God:
Gold:   136        SH:  0    Dex:  9    Spells: 5/6 levels left

rFire   . . .        a - +0 hand axe
rCold   . . .        (no shield)
rNeg    . . .        b - +0 leather armour
rPois   .            (no helmet)
rElec   .            (no cloak)
rCorr   .            (no gloves)
SInv    .            g - +0 pair of boots
Will    .....        (no amulet)
Stlth   +            (no ring)
HPRegen 0.26/turn    (no ring)
MPRegen 0.10/turn

%: no passive effects
@: no status effects
A: no striking features
a: no special abilities


You were on level 2 of the Dungeon.
You visited 1 branch of the dungeon, and saw 2 of its levels.

You collected 136 gold pieces.

Inventory:

Hand Weapons
 a - a +0 hand axe (weapon)
Armour
 b - a +0 leather armour (worn)
 g - a +0 pair of boots (worn)
Scrolls
 d - 4 scrolls of identify {unknown}
 e - 4 scrolls of amnesia {unknown}
Potions
 c - 4 potions of curing {unknown}
 f - a potion of resistance {unknown}


   Skills:
 - Level 2.4 Fighting
 + Level 7.0 Axes
 - Level 1.5 Dodging
 - Level 1.5 Spellcasting
 - Level 3.0 Conjurations


You had 5 spell levels left.
You knew the following spells:

 Your Spells              Type           Power      Damage    Failure   Level
a - Kiss of Death         Conj/Necr      16%        2d6       19%         1

Your spell library contained the following spells:

 Spells                   Type           Power      Damage    Failure   Level
 Momentum Strike          Conj/Tloc      8%         3d8       26%         2
 Hailstorm                Conj/Ice       4%         3d5       47%         3


Dungeon Overview and Level Annotations

Branches:
Dungeon (2/15)

Altars:

Shops:
D:1 (


Message History

The web tears apart.
You slash the ribbon worm!
The ribbon worm is heavily wounded.
The ribbon worm barely misses you.
You hit the ribbon worm.
The ribbon worm is heavily wounded.
The ribbon worm bites you!
You hit the ribbon worm.
The ribbon worm is heavily wounded.
You hit the ribbon worm.
The ribbon worm is severely wounded.
The ribbon worm expels a string of sticky webbing.
The stream of webbing hits you but does no damage.
You are caught in a web!
The web tears apart.
The ribbon worm expels a string of sticky webbing.
The stream of webbing misses you.
You slash the ribbon worm!
The ribbon worm is almost dead.
The ribbon worm bites you!
You barely miss the ribbon worm.
The ribbon worm is almost dead.
The ribbon worm bites you!
You hit the ribbon worm.
You kill the ribbon worm!
Found 8 gold pieces.
You start resting.
HP restored.
You now have 124 gold pieces (gained 8).
Found a stone staircase leading down.
You see here a +0 dagger.
There is an open door here.
You now have 136 gold pieces (gained 12).
Done exploring.
Done exploring.
Done exploring.
Done exploring.
Welcome back, jestert79 the Hill Orc Reaver.
Press ? for a list of commands and other information.
Are you sure you want to abandon this character and quit the game? (Confirm with "yes".)

..#....# #..........#
..#....# #.)..#####.#
..##.#####........#.#
..##...........##.#.#
..#####.........<.#.#
..# #.########.##.#
..# #...........#.#
..#################.#
................@...#
.####################
.# .# .# .# ##


There were no monsters in sight!

Vanquished Creatures
  4 adders (D:2)
  A ribbon worm (D:2)
  2 dart slugs
  9 endoplasms
  3 giant cockroaches
  6 goblins
  4 hobgoblins
  4 jackals (D:1)
  2 kobolds (D:2)
  3 quokkas (D:2)
  2 ball pythons
  A bat (D:1)
  4 frilled lizards
  8 rats
53 creatures vanquished.

Notes
Turn   | Place    | Note
-------+----------+-------------------------------------------
     0 | D:1      | jestert79 the Hill Orc Reaver began the quest for the Orb.
     0 | D:1      | Reached XP level 1. HP: 18/18 MP: 3/3
    32 | D:1      | Found a faded altar of an unknown god.
    51 | D:1      | Reached XP level 2. HP: 20/25 MP: 4/4
    60 | D:1      | Reached skill level 5 in Axes
    66 | D:1      | Found Akhuwewu's Antique Weapon Shoppe.
   355 | D:1      | Reached XP level 3. HP: 30/30 MP: 5/5
  1139 | D:2      | Reached skill level 6 in Axes
  1432 | D:2      | Reached XP level 4. HP: 10/37 MP: 6/6
  1661 | D:2      | Reached skill level 7 in Axes
  2007 | D:2      | Quit the game

Illustrated notes

Levels and vault maps discovered:
D:1:      denvon_arrival_planthouse, layout_loops_ring, basic_ecumenical_altar,
          serial_shops, shop, moated_statue, dreamdust_wishing_well,
          nicolae_figureground_pulse
D:2:      minmay_diamond_boxcup, layout_basic

Skill      XL: |  1  2  3  4 |
---------------+-------------+-----
Axes           | 5 6 7 |  7.0
Fighting       | |  2.4
Dodging        | |  1.5
Spellcasting   | |  1.5
Conjurations   | |  3.0

Action                     |  1- 3 |  4- 6 || total
---------------------------+-------+-------++-------
  Melee: Hand axe          |   154 |    54 ||   208
         Punch             |     1 |       ||     1
 Armour: Leather armour    |    87 |    30 ||   117
  Dodge: Dodged            |    86 |    24 ||   110

Table legend: (Time is in decaauts)
 A = Elapsed time spent in this place.
 B = Non-inter-level travel time spent in this place.
 C = Inter-level travel time spent in this place.
 D = Time resting spent in this place.
 E = Time spent auto-exploring this place.
 F = Levels seen in this place.
 G = Mean time per level.
                   A        B        C        D        E       F      G
               +--------+--------+--------+--------+--------+-----+--------+
         Total |   2008 |   1981 |     27 |    245 |   1360 |   2 | 1004.0 |
       Dungeon |   2008 |   1981 |     27 |    245 |   1360 |   2 | 1004.0 |
               +--------+--------+--------+--------+--------+-----+--------+

Top non-repeatable levels by time:
     D:2: 1188 daAuts
     D:1: 819 daAuts
